 Dungeon Crawl Stone Soup version 0.22-a0-455-ga0624bf (webtiles) character file.

211 KristoblXynda the Slasher (level 5, -2/45 HPs)
             Began as a Naga Gladiator on June 5, 2018.
             Slain by a gnoll (3 damage)
             ... on level 3 of the Dungeon.
             The game lasted 00:06:16 (3724 turns).

KristoblXynda the Slasher (Naga Gladiator)          Turns: 3724, Time: 00:06:18

Health: -2/45      AC:  6    Str: 17    XL:     5   Next: 88%
Magic:  5/5        EV: 10    Int:  9    God:
Gold:   85         SH:  0    Dex: 12    Spells: 4/4 levels left

rFire    . . .     SeeInvis +   a - +0 long sword
rCold    . . .     Gourm    .   (no shield)
rNeg     . . .     Faith    .   b - +0 leather armour
rPois    +         Spirit   .   c - +0 helmet
rElec    .         Reflect  .   j - +1 cloak
rCorr    +         Harm     .   (no gloves)
MR       .....                  (no barding)
Stlth    +.........             p - amulet of rage
HPRegen  0.15/turn              m - ring of resist corrosion
MPRegen  0.09/turn              (no ring)

@: short of breath, very slow
A: large, see invisible, deformed body, poison resistance, slowness 2, slow
metabolism 1, spit poison 1, AC +1
a: Spit Poison, Evoke Berserk Rage


You were on level 3 of the Dungeon.
You were hungry.

You visited 1 branch of the dungeon, and saw 3 of its levels.

You collected 85 gold pieces.

Inventory:

Hand Weapons
 a - a +0 long sword (weapon)
Missiles
 d - 3 throwing nets (quivered)
Armour
 b - a +0 leather armour (worn)
 c - a +0 helmet (worn)
 j - a +1 cloak (worn)
Jewellery
 m - a ring of resist corrosion (left hand)
 p - an amulet of rage (around neck)
Scrolls
 e - 4 scrolls of remove curse
 o - a scroll of enchant weapon
Potions
 n - a potion of brilliance
Comestibles
 f - 4 rations
 g - 6 chunks of flesh


   Skills:
 - Level 2.0 Fighting
 * Level 5.0 Long Blades
 - Level 2.0 Throwing
 + Level 1.8 Armour
 + Level 3.3 Dodging


You had 4 spell levels left.
You didn't know any spells.
Your spell library was empty.

Dungeon Overview and Level Annotations

Branches:
Dungeon (3/15)

Altars:
Okawaru


Innate Abilities, Weirdness & Mutations

You cannot wear boots.
Your serpentine skin is tough. (AC +1)
You have supernaturally acute eyesight. (SInv)
Armour fits poorly on your strangely shaped body.
Your system is resistant to poisons. (rPois)
You cover ground very slowly.
You have a slow metabolism.
You can spit poison.


Message History

The scroll dissolves into smoke.
It was a scroll of fog.
You are feeling hungry.
The goblin hits you but does no damage. The goblin barely misses you.
You riposte.
You closely miss the goblin. The gnoll barely misses you.
As you read the scroll labeled GELUEG FAMM, it crumbles to dust.
It is a scroll of enchant armour.
Your +0 cloak glows green for a moment.
The hobgoblin barely misses you. The gnoll misses you.
The goblin hits you but does no damage. x2
The gnoll hits you.
* * * LOW HITPOINT WARNING * * *
Okay, then.
Okay, then.
Press: ? - help, Shift-Dir - straight line, f - gnoll
Aim: a gnoll (grey smoke)
The splash of poison misses the gnoll. x2; You feel slightly more hungry.
The gnoll hits you from afar with a spear.
* * * LOW HITPOINT WARNING * * *
The goblin hits you but does no damage. The hobgoblin closely misses you.
The gnoll hits you.
You die...

############## ....)#........
...# ....)'........ ...# $
######........ ...##'#
.........##### ....K.# ........(#
......# .........########gg.g..#
######........§§gggg#
...))))......)§§@gg.#
.....#).......(§§g§.# #≈≈≈≈≈≈≈≈
##################### #≈≈≈≈≈≈≈≈
≈≈≈≈≈≈≈≈≈≈≈≈≈≈≈≈≈≈≈≈#####≈≈≈≈≈≈≈≈
≈≈≈≈≈≈≈≈≈≈≈≈≈≈≈≈≈≈≈≈≈≈≈≈≈≈≈≈≈≈≈≈≈
≈≈≈≈≈≈≈≈≈≈≈≈≈≈≈≈≈≈≈≈≈≈≈≈≈≈≈≈≈≈≈≈≈
≈≈.≈≈.≈≈≈....≈≈.≈....≈≈≈≈.≈≈≈≈.≈.
.................................
..(..............................


You could see 2 gnolls, 4 hobgoblins and 2 goblins.

Vanquished Creatures
  An orc wizard (D:3)
  3 adders
  5 gnolls
  2 oozes
  A worm (D:2)
  3 leopard geckos
  3 orcs (D:3)
  3 giant cockroaches
  22 goblins
  20 hobgoblins
  3 jackals (D:1)
  10 bats
  A frilled lizard (D:3)
  6 kobolds
  5 rats
88 creatures vanquished.

Notes
Turn   | Place    | Note
-------+----------+-------------------------------------------
     0 | D:1      | KristoblXynda the Naga Gladiator began the quest for the Orb.
     0 | D:1      | Reached XP level 1. HP: 19/19 MP: 1/1
    66 | D:1      | Reached XP level 2. HP: 16/26 MP: 2/2
   741 | D:1      | Reached XP level 3. HP: 28/32 MP: 3/3
  1507 | D:2      | Reached skill level 4 in Long Blades
  1523 | D:2      | Reached skill level 1 in Armour
  1523 | D:2      | Reached XP level 4. HP: 15/39 MP: 4/4
  2740 | D:3      | Found an iron altar of Okawaru.
  2799 | D:3      | Reached XP level 5. HP: 26/45 MP: 5/5
  3720 | D:3      | Noticed a big kobold
  3720 | D:3      | Reached skill level 5 in Long Blades
  3724 | D:3      | HP: 1/45 [gnoll/spear (4)]
  3724 | D:3      | Slain by a gnoll

Vault maps used:
D:1:      saegor_arrival_simple_e, minivault_24
D:3:      minmay_goblin_kobold_castle, nicolae_overflow_hidden_temple,
          first_ration

Skill      XL: |  1  2  3  4  5 |
---------------+----------------+-----
Throwing       | 2 |  2.0
Long Blades    | 4 5 |  5.0
Armour         | 1 |  1.8
Dodging        | 3 |  3.3
Fighting       | |  2.0

Action                   |  1- 3 |  4- 6 || total
-------------------------+-------+-------++-------
Melee: Long sword        |    92 |   135 ||   227
 Abil: Spit Poison       |       |    11 ||    11
  Use: Scroll            |       |     8 ||     8
       Potion            |       |     1 ||     1
 Stab: Sleeping          |     2 |       ||     2
  Eat: Chunk             |     1 |     6 ||     7
Armor: Leather armour    |    31 |    89 ||   120
Dodge: Dodged            |    62 |   143 ||   205
       Rpst.: Long sword |    25 |    37 ||    62

Table legend:
 A = Spawn XP
 B = Non-spawn XP
 C = Spawn XP percentage of total XP
 D = Spawn monster count
 E = Non-spawn monster count
 F = Spawn count percentage of total count
 G = Total turns spent on level
                    A         B        C        D         E        F      G
               +---------+---------+-------+---------+---------+-------+---------
         Total |       0 |     302 |   0.0 |       0 |      88 |   0.0 |  3724
               +---------+---------+-------+---------+---------+-------+---------
           D:1 |       0 |      35 |   0.0 |       0 |      18 |   0.0 |  1009
           D:2 |       0 |     108 |   0.0 |       0 |      24 |   0.0 |  1269
           D:3 |       0 |     159 |   0.0 |       0 |      46 |   0.0 |  1446
               +---------+---------+-------+---------+---------+-------+---------
